 Dungeon Crawl Stone Soup version 0.30-a0-373-gd37427bb62 (webtiles) character file.

Game seed: 3954178347062694634

732 mopl the Covert (level 7, 0/45 HPs)
             Began as an Octopode Brigand on Nov 24, 2022.
             Slain by a hound (6 damage)
             ... on level 5 of the Dungeon.
             The game lasted 00:05:09 (4155 turns).

mopl the Covert (Octopode Brigand)                  Turns: 4155, Time: 00:05:09

Health: 0/45       AC:  1    Str: 16    XL:     7   Next: 73%
Magic:  7/7        EV: 12    Int: 16    God:
Gold:   180        SH:  0    Dex: 13    Spells: 6/6 levels left

rFire   . . .      SeeInvis .    a - +2 dagger
rCold   . . .      Faith    .    (no shield)
rNeg    . . .      Spirit   .    (helmet restricted)
rPois   .          Reflect  .    (no amulet)
rElec   .          Harm     .    g - +6 ring of strength
rCorr   .          Rampage  .    (no ring)
Will    .....                    (no ring)
Stlth   +++++.....               (no ring)
HPRegen 0.27/turn                (no ring)
MPRegen 0.10/turn                (no ring)
                                 (no ring)
                                 (no ring)

@: no status effects
A: almost no armour, amphibious, 8 rings, camouflage 1, gelatinous body 1,
(nimble swimmer 1), tentacles
a: no special abilities


You were on level 5 of the Dungeon.
You visited 1 branch of the dungeon, and saw 5 of its levels.
You also visited: Ossuary.

You collected 222 gold pieces.
You spent 42 gold pieces at shops.

Inventory:

Hand Weapons
 a - a +2 dagger (weapon)
Missiles
 b - 15 poisoned darts (quivered)
 c - 3 curare-tipped darts
Armour
 n - an orb of wrath
Magical Staves
 q - a staff of death
Jewellery
 g - a +6 ring of strength (left tentacle)
Scrolls
 f - 7 scrolls of teleportation
 i - a scroll of immolation {unknown}
 j - a scroll of poison {unknown}
 m - a scroll of enchant weapon {unknown}
 o - a scroll of silence {unknown}
 p - 3 scrolls of summoning {unknown}
 s - 2 scrolls of noise {unknown}
 u - a scroll of blinking {unknown}
 v - 2 scrolls of fear {unknown}
Potions
 e - 3 potions of invisibility {unknown}
 h - a potion of might
 k - 2 potions of magic {unknown}
 l - 2 potions of degeneration {unknown}
 r - a potion of haste
 t - 2 potions of curing {unknown}
 w - 2 potions of lignification {unknown}
 x - a potion of cancellation
 z - 2 potions of brilliance {unknown}
 A - a potion of berserk rage {unknown}


   Skills:
 - Level 2.0 Fighting
 - Level 2.0 Short Blades
 + Level 6.1 Throwing
 - Level 1.0 Dodging
 + Level 9.9 Stealth


You had 6 spell levels left.
You didn't know any spells.
Your spell library contained the following spells:

 Spells                   Type           Power      Damage    Failure   Level
 Apportation              Tloc           0%         N/A       26%         1
 Necrotise                Necr           0%         1d4       26%         1
 Shock                    Conj/Air       0%         1d3       26%         1
 Summon Small Mammal      Summ           0%         N/A       26%         1
 Sublimation of Blood     Necr           0%         N/A       36%         2
 Wereblood                Tmut           0%         N/A       36%         2
 Swiftness                Air            0%         N/A       58%         3
 Airstrike                Air            0%         2d(0-16)  94%         4
 Summon Hydra             Summ           0%         N/A       100%        7


Dungeon Overview and Level Annotations

Branches:
Dungeon (5/15)            Ossuary (visited)
 Temple: D:4-7

Altars:
Xom
The Shining One

Shops:
D:1 (([   D:2 *


Innate Abilities, Weirdness & Mutations

You cannot wear most types of armour.
You are amphibious.
You can wear up to eight rings at the same time.
Your skin changes colour to match your surroundings (Stealth+).
Your rubbery body absorbs attacks. (AC +1, EV +1)
((You are camouflaged when in or above water. (Stealth+)))
You have tentacles for arms and can constrict up to eight enemies at once.


Message History

The scorpion is lightly wounded.
You constrict the scorpion. The scorpion barely misses you.
You completely miss the scorpion.
The scorpion is moderately wounded.
You constrict the scorpion. The scorpion stings you.
You are poisoned.
The scorpion poisons you!
You hit the scorpion but do no damage. You squeeze the scorpion.
The scorpion is heavily wounded.
You constrict the scorpion.
You feel sick. The scorpion completely misses you.
The gnoll hits you from afar with a +0 spear.
You hit the scorpion but do no damage.
The scorpion is severely wounded.
You constrict the scorpion.
You feel sick. The scorpion stings you.
The gnoll hits you from afar with a +0 spear.
You are too injured to fight recklessly!
You hit the scorpion.
You kill the scorpion!
You feel sick. The gnoll barely misses you.
You feel sick.
You feel sick.
The gnoll hits you from afar with a +0 spear.
* * * LOW HITPOINT WARNING * * *
A hound comes into view.
You feel sick.
The hound barks!
The gnoll bouda barks out a call to the hunt!
You feel sick.
You are no longer poisoned.
Found a scroll labelled TUKOUK FENEAL.
The gnoll barely misses you. The hound attacks as you move away!
The hound bites you but does no damage. The hound barely misses you.
The hound attacks as you move away! The hound bites you.
* * * LOW HITPOINT WARNING * * *
The hound closely misses you.
You hit the hound but do no damage. You grab the hound.
You constrict the hound, but do no damage.
The hound closely misses you. The hound misses you.
You completely miss the hound. You constrict the hound. The hound bites you.
You die...

.. #.......... ##.. #.#.#......
### .#.#.# #.#? ###[#.#......
.....#.#.#.#h#.## #.....#......
....#.#.#.#.#.#.# #.....#......
....#.#.#.#.#.## #............ .
..#.#.#.#.#.#.# #.....#...... #.
#.#.#.#.#.#.### #.....#......
#.##.#.#.#.#.#h@####.....#......
#...#.#h#.#.#.#.............>...
###.#.#.#.#.#.#................
###..#g#.#.#g#.##.....#######.###
gg†.#.#.#.#.#.#.#.....# #.#
####.#.#.#.#.#.######## #.# .#
#.####.##.### #.# .# #.# #.##.#
#.# ...#.# #..... #.#


You could see a gnoll bouda and a hound.

Vanquished Creatures
  Menkaure (Ossuary)
  A black bear (D:5)
  An ogre (D:5)
  A phantom (D:5)
  2 scorpions
  A hound (D:4)
  4 mummies
  A gnoll (D:5)
  2 adders
  3 worms (D:2)
  2 dart slugs
  7 ball pythons
  3 endoplasms
  4 giant cockroaches
  8 hobgoblins
  4 jackals (D:1)
  6 kobolds
  2 quokkas (D:4)
  5 bats
  3 frilled lizards
  A gnoll skeleton (Ossuary)
  5 gnoll zombies (Ossuary)
  8 goblins
  4 goblin skeletons (Ossuary)
  2 goblin zombies (Ossuary)
  4 hobgoblin skeletons (Ossuary)
  3 hobgoblin zombies (Ossuary)
  12 kobold skeletons (Ossuary)
  7 kobold zombies (Ossuary)
  3 orc skeletons (Ossuary)
  5 orc zombies
  8 rats
  A rat skeleton (Ossuary)
  5 rat zombies (Ossuary)
129 creatures vanquished.

Notes
Turn   | Place    | Note
-------+----------+-------------------------------------------
     0 | D:1      | mopl the Octopode Brigand began the quest for the Orb.
     0 | D:1      | Reached XP level 1. HP: 14/14 MP: 1/1
    63 | D:1      | Reached XP level 2. HP: 7/19 MP: 2/2
   464 | D:1      | Found Zyuneci's Antique Weapon Emporium.
   472 | D:1      | Reached skill level 6 in Stealth
   565 | D:1      | Reached XP level 3. HP: 24/24 MP: 3/3
   706 | D:1      | Found Izant's Antique Armour Shoppe.
   731 | D:1      | Found Vilemox's Weapon Emporium.
  1050 | D:2      | Found Wuamimig's General Store.
  1059 | D:2      | Bought a scroll of teleportation for 42 gold pieces
  1212 | D:2      | Reached skill level 3 in Throwing
  1639 | D:3      | Found a glowing golden altar of the Shining One.
  1697 | D:3      | Reached XP level 4. HP: 29/29 MP: 4/4
  1910 | D:3      | Found a shimmering altar of Xom.
  2245 | D:4      | Found a sand-covered staircase.
  2302 | Ossuary  | Entered an ossuary
  2349 | Ossuary  | Reached skill level 7 in Stealth
  2482 | Ossuary  | Reached XP level 5. HP: 25/34 MP: 5/5
  2650 | Ossuary  | Reached skill level 4 in Throwing
  2788 | Ossuary  | Noticed Menkaure
  2810 | Ossuary  | Killed Menkaure
  2811 | Ossuary  | Reached skill level 8 in Stealth
  2811 | Ossuary  | Reached XP level 6. HP: 9/39 MP: 6/6
  3100 | D:4      | Reached skill level 5 in Throwing
  3949 | D:5      | Entered Level 5 of the Dungeon
  3953 | D:5      | Reached skill level 9 in Stealth
  3953 | D:5      | Reached XP level 7. HP: 45/45 MP: 7/7
  4129 | D:5      | Reached skill level 6 in Throwing
  4155 | D:5      | Slain by a hound

Illustrated notes

Levels and vault maps discovered:
D:1:      lightli_molten_gateway, layout_loops_corners, serial_shops, shop,
          shop, shop, grunt_decor_cap, hex_large, st_stairs_5
D:2:      layout_basic, serial_shops, nicolae_shop_trees
D:3:      layout_basic, mainiacjoe_overflow_tiny_flanked,
          overflow_temple_1_default
D:4:      layout_layer_cave, nicolae_ossuary_entry_giza
D:5:      layout_basic, minmay_temple_entry_hall, minivault_23

Skill      XL: |  1  2  3  4  5  6  7 |
---------------+----------------------+-----
Stealth        | 6 7 8 9 |  9.9
Throwing       | 3 4 5 6 |  6.1
Fighting       | |  2.0
Short Blades   | |  2.0
Dodging        | |  1.0

Action                   |  1- 3 |  4- 6 |  7- 9 || total
-------------------------+-------+-------+-------++-------
Melee: Dagger            |    77 |   158 |    27 ||   262
       Constrict         |    15 |    58 |     3 ||    76
       Tentacles         |    10 |    50 |     7 ||    67
       Punch             |       |     1 |       ||     1
  Use: Scroll            |       |     5 |       ||     5
       Potion            |       |       |     1 ||     1
 Stab: Sleeping          |    14 |    13 |     2 ||    29
Armor: Skin              |     3 |    16 |     1 ||    20
Dodge: Dodged            |    29 |    50 |    19 ||    98

Table legend: (Time is in decaauts)
 A = Elapsed time spent in this place.
 B = Non-inter-level travel time spent in this place.
 C = Inter-level travel time spent in this place.
 D = Time resting spent in this place.
 E = Time spent auto-exploring this place.
 F = Levels seen in this place.
 G = Mean time per level.
                   A        B        C        D        E       F      G
               +--------+--------+--------+--------+--------+-----+--------+
         Total |   4127 |   4006 |    121 |    361 |   2842 |   6 |  687.8 |
       Dungeon |   3447 |   3326 |    121 |    161 |   2644 |   5 |  689.4 |
       Ossuary |    679 |    679 |      0 |    200 |    198 |   1 |  679.0 |
               +--------+--------+--------+--------+--------+-----+--------+

Top non-repeatable levels by time:
     D:4: 1056 daAuts
     D:1: 1027 daAuts
 Ossuary: 679 daAuts
     D:3: 613 daAuts
     D:2: 547 daAuts
     D:5: 203 daAuts
